 Dungeon Crawl Stone Soup version 0.21.1-1-g345015f (webtiles) character file.

39 Dindles the Conjurer (level 3, -1/19 HPs)
             Began as a Deep Elf Conjurer on Mar 6, 2018.
             Slain by an adder (3 damage)
             ... on level 2 of the Dungeon.
             The game lasted 00:08:07 (1517 turns).

Dindles the Conjurer (Deep Elf Conjurer)            Turns: 1517, Time: 00:08:08

Health: -1/19      AC:  3    Str:  5    XL:     3   Next: 26%
Magic:  1/10       EV: 11    Int: 20    God:
Gold:   29         SH:  0    Dex: 15    Spells: 3/9 levels left

rFire    + . .     SeeInvis .   i - +0 dagger
rCold    . . .     Gourm    .   (no shield)
rNeg     . . .     Faith    .   a - +0 robe
rPois    .         Spirit   .   (no helmet)
rElec    .         Reflect  .   (no cloak)
rCorr    .         Harm     .   (no gloves)
MR       .....                  q - +0 pair of boots
Stlth    ++........             (no amulet)
HPRegen  0.06/turn              o - ring of protection from fire
MPRegen  0.12/turn              (no ring)

@: lethally poisoned (-1 -> -16), heavily drained
A: no striking features
a: no special abilities


You were on level 2 of the Dungeon.
You were not hungry.

You visited 1 branch of the dungeon, and saw 2 of its levels.

You collected 29 gold pieces.

Inventory:

Hand Weapons
 i - a +0 dagger (weapon)
 k - a +0 mace
Missiles
 e - 2 stones (quivered)
 l - 5 needles of sleeping
Armour
 a - a +0 robe (worn)
 q - a +0 pair of boots (worn)
Jewellery
 o - a ring of protection from fire (left hand)
 s - an uncursed amulet of harm
Scrolls
 d - a scroll of fear {unknown}
 f - a scroll of blinking {unknown}
 g - a scroll of immolation {unknown}
 m - 2 scrolls of teleportation {unknown}
 r - a scroll of remove curse {unknown}
 t - a scroll of enchant armour {unknown}
Potions
 h - a potion of might {unknown}
 j - 2 potions of agility {unknown}
Books
 b - a book of Conjurations

   Spells                             Type                      Level
   a - Magic Dart                     Conjuration                  1
   b - Searing Ray                    Conjuration                  2
   c - Dazzling Spray                 Conjuration/Hexes            3
   d - Fulminant Prism                Conjuration/Hexes            4
   e - Force Lance                    Conjuration/Translocation    4
   f - Iskenderun's Mystic Blast      Conjuration                  4
 p - a book of Changes

   Spells                             Type                      Level
   a - Beastly Appendage              Transmutation                1
   b - Sticks to Snakes               Transmutation                2
   c - Spider Form                    Transmutation/Poison         3
   d - Ice Form                       Ice/Transmutation            4
   e - Blade Hands                    Transmutation                5
Comestibles
 c - 5 rations
 n - a chunk of flesh


   Skills:
 - Level 2.4(0.8) Dodging
 + Level 2.5(0.8) Stealth
 + Level 3.7(2.1) Spellcasting
 * Level 5.3(3.5) Conjurations


You had 3 spell levels left.
You knew the following spells:

 Your Spells              Type           Power        Failure   Level  Hunger
a - Magic Dart            Conj           ###.         3%          1    #......
b - Searing Ray           Conj           ###...       5%          2    ##.....
c - Dazzling Spray        Conj/Hex       #.....       22%         3    ###....


Dungeon Overview and Level Annotations

Branches:
Dungeon (2/15)

Altars:


Message History

You feel sick. The adder bites you but does no damage.
Unknown command.
You barely miss the adder.
The adder is severely wounded.
You feel sick. The adder barely misses you.
The adder bites you but does no damage.
You completely miss the adder.
The adder is severely wounded.
You feel sick. The adder bites you but does no damage.
You hit the adder.
The adder is severely wounded.
You feel sick. The adder bites you.
* * * LOW HITPOINT WARNING * * *
You are more poisoned.
The adder poisons you!
You hit the adder but do no damage.
The adder is severely wounded.
* * * LOW HITPOINT WARNING * * *
You feel sick. The adder bites you.
You die...

##.## #.....###.
#...# #.........
########...###.....#
....##.......#.....#
#.#..............###
.#.###.......###.#
###.####...###
#.#######
...........#
#S.......
#.#.########
#@####### .. ## #.#
.# ..# .< #### ##


You could see an adder.

Vanquished Creatures
  2 dart slugs (D:1)
  4 bats
  3 giant cockroaches
  6 goblins
  4 hobgoblins (D:1)
  A quokka (D:2)
  2 ball pythons (D:1)
  2 frilled lizards
  4 kobolds
  5 rats
33 creatures vanquished.

Notes
Turn   | Place    | Note
-------+----------+-------------------------------------------
     0 | D:1      | Dindles the Deep Elf Conjurer began the quest for the Orb.
     0 | D:1      | Reached XP level 1. HP: 10/10 MP: 6/6
   150 | D:1      | Reached XP level 2. HP: 9/15 MP: 0/8
   537 | D:1      | Reached skill level 5 in Conjurations
   703 | D:1      | Reached XP level 3. HP: 19/19 MP: 6/10
   902 | D:1      | Learned a level 2 spell: Searing Ray
   906 | D:1      | Learned a level 3 spell: Dazzling Spray
  1517 | D:2      | Slain by an adder

Skill      XL: |  1  2 |
---------------+-------+-----
Conjurations   | 5 |  5.3
Dodging        | |  2.4
Stealth        | |  2.5
Spellcasting   | |  3.7

Action                   || total
-------------------------++-------
Melee: Dagger            ||     6
 Cast: Magic Dart        ||    64
       Dazzling Spray    ||     2
  Eat: Chunk             ||     2
Armor: Robe              ||     5
Dodge: Dodged            ||    11
